 Dungeon Crawl Stone Soup version 0.25-a0-200-g5ba96148f3 (webtiles) character file.

Game seed: 16754281986024315912, levelgen mode: deterministic

1323 floatRand the Shield-Bearer (level 8, 0/94 HPs)
             Began as a Demigod Fighter on Dec 1, 2019.
             Slain by an orc warrior
             ... wielding a +0 glaive
              (9 damage)
             ... in a bailey.
             The game lasted 00:08:08 (6116 turns).

floatRand the Shield-Bearer (Demigod Fighter)       Turns: 6116, Time: 00:08:09

Health: 0/94       AC: 24    Str: 24    XL:     8   Next: 11%
Magic:  10/10      EV:  2    Int: 12    God:
Gold:   461        SH: 11    Dex: 19    Spells: 7/7 levels left

rFire    . . .     SeeInvis .   k - +1 short sword (venom)
rCold    + . .     Gourm    .   c - +0 shield
rNeg     + + +     Faith    .   (armour currently unavailable)
rPois    +         Spirit   .   (helmet currently unavailable)
rElec    .         Reflect  .   (cloak currently unavailable)
rCorr    +         Harm     .   (gloves currently unavailable)
MR       .....     NoTele   +   (boots currently unavailable)
Stlth    +++.......             (no amulet)
HPRegen  0.25/turn              m - ring of resist corrosion
MPRegen  0.12/turn              w - ring of protection from cold

@: mighty, tree-form, berserk cooldown, slowed, very slow
A: high mp 1
a: no special abilities


You were in a bailey.
You were not hungry.
You were a tree.
You visited 1 branch of the dungeon, and saw 7 of its levels.
You also visited: Bailey.

You collected 461 gold pieces.

Inventory:

Hand Weapons
 a - a +0 long sword
 j - a cursed -1 whip
 k - a +1 short sword of venom (weapon)
 x - a +0 rapier of venom
 y - a +4 dire flail of holy wrath
Armour
 b - a +0 scale mail (melded)
 c - a +0 shield (worn)
 s - a +1 helmet (melded)
 C - a +0 pair of boots (melded)
Jewellery
 m - a ring of resist corrosion (left branch)
 w - a ring of protection from cold (right branch)
Wands
 g - a wand of polymorph (6)
 z - a wand of enslavement (10)
Scrolls
 q - a scroll of identify
 r - 2 scrolls of enchant armour
Potions
 e - 3 potions of curing
 h - a potion of mutation
 i - 2 potions of ambrosia
 l - a potion of haste
 o - 3 potions of flight
 t - 2 potions of heal wounds {unknown}
 u - a potion of brilliance {unknown}
 v - a potion of agility {unknown}
Comestibles
 f - 11 rations


   Skills:
 + Level 3.3 Fighting
 + Level 5.3 Long Blades
 - Level 3.1 Armour
 + Level 1.8 Dodging
 + Level 5.1 Stealth
 + Level 5.7 Shields


You had 7 spell levels left.
You didn't know any spells.
Your spell library contained the following spells:

 Spells                   Type           Power        Failure   Level  Hunger
 Magic Dart               Conj           #...         73%         1    ##.....
 Blink                    Tloc           N/A          86%         2    ###....
 Call Imp                 Summ           #.......     86%         2    ###....
 Slow                     Hex            #.......     86%         2    ###....
 Conjure Flame            Conj/Fire      #.......     97%         3    ####...
 Mephitic Cloud           Conj/Pois/Air  #.......     97%         3    ####...


Dungeon Overview and Level Annotations

Branches:
Dungeon (7/15)             Temple (0/1) D:6          Bailey (1/1)


Innate Abilities, Weirdness & Mutations

You have an increased reservoir of magic. (+10% MP)


Message History

The orc warrior hits you from afar with a +0 glaive.
You cannot move.
You cannot move.
You are no longer berserk.
You are exhausted.
You feel yourself slow down.
The orc warrior hits you from afar with a +0 glaive!
* * * LOW HITPOINT WARNING * * *
You block the orc warrior's attack.
The orc warrior hits you but does no damage.
You block the orc warrior's attack.
The orc warrior hits you but does no damage.
You cannot move.
You cannot move.
You cannot move.
The orc warrior hits you from afar with a +0 glaive!
* * * LOW HITPOINT WARNING * * *
You block the orc warrior's attack. The orc hits you but does no damage.
The orc warrior hits you from afar with a +0 glaive!
You die...

############ ######
##.∩.......o## #.....#
#.......)♣.oo######...o...
#......))).o.#....#.......
#∩....)..).oo'oo..oo..oooo
#......)))...#o...#.oo.ooo
#............######...ooo.
##.∩........## #.....#
############ ######


You could see 3 orc warriors and 6 orcs.

Vanquished Creatures
  Edmund (D:5)
  3 ogres
  A phantom (D:5)
  A centaur (D:5)
  A bullfrog (D:6)
  A scorpion (D:4)
  A howler monkey (D:7)
  A crimson imp (D:5)
  A centaur zombie (D:5)
  A hound (D:5)
  2 bullfrog zombies
  A jelly (D:6)
  A centaur skeleton (D:5)
  Jessica (D:3)
  2 iguanas
  6 worker ants
  A worker ant zombie (D:7)
  3 gnolls (D:6)
  5 adders
  2 oozes
  5 worms
  3 dart slugs
  4 leopard geckos
  18 orcs
  4 bats
  5 giant cockroaches
  12 goblins
  10 hobgoblins
  4 jackals (D:5)
  7 kobolds
  A quokka (D:2)
  5 frilled lizards
  A leopard gecko skeleton (D:4)
  6 rats
121 creatures vanquished.

Notes
Turn   | Place    | Note
-------+----------+-------------------------------------------
     0 | D:1      | floatRand the Demigod Fighter began the quest for the Orb.
     0 | D:1      | Reached XP level 1. HP: 18/18 MP: 3/3
   270 | D:1      | Reached XP level 2. HP: 25/25 MP: 4/4
   763 | D:2      | Reached XP level 3. HP: 30/30 MP: 5/5
  1016 | D:2      | Found an ornate altar of the Wu Jian Council.
  1054 | D:2      | Reached skill level 1 in Stealth
  1217 | D:2      | Reached XP level 4. HP: 26/37 MP: 6/6
  1462 | D:2      | Found a faded altar of an unknown god.
  2135 | D:3      | Found a sparkling altar of Nemelex Xobeh.
  2171 | D:3      | Noticed Jessica
  2189 | D:3      | Killed Jessica
  2691 | D:4      | Reached XP level 5. HP: 10/42 MP: 7/7
  3034 | D:4      | Found a hide-covered altar of Uskayaw.
  3234 | D:4      | Found a stormy altar of Qazlal.
  3380 | D:5      | Entered Level 5 of the Dungeon
  3693 | D:5      | Noticed an ogre
  3703 | D:5      | Killed an ogre
  3703 | D:5      | Reached XP level 6. HP: 50/50 MP: 8/8
  4186 | D:5      | Noticed Edmund
  4227 | D:5      | Killed Edmund
  4227 | D:5      | Reached XP level 7. HP: 42/56 MP: 9/9
  4420 | D:5      | Reached skill level 5 in Shields
  5058 | D:6      | Reached skill level 5 in Long Blades
  5108 | D:6      | Reached skill level 1 in Dodging
  5110 | D:6      | Found a staircase to the Ecumenical Temple.
  5178 | D:6      | Reached XP level 8. HP: 21/63 MP: 10/10
  5408 | D:6      | Noticed an angel
  5409 | D:6      | Found a shimmering altar of Xom.
  5410 | D:6      | Found a glowing silver altar of Zin.
  5589 | D:6      | Found a snail-covered altar of Cheibriados.
  5676 | D:6      | Found a radiant altar of Vehumet.
  5827 | D:7      | Reached skill level 5 in Stealth
  5962 | D:7      | Found a flagged portal.
  6030 | Bailey   | Entered a bailey
  6116 | Bailey   | Slain by an orc warrior

Levels and vault maps discovered:
D:1:      dpeg_arrival_rooms_c, layout_rooms
D:2:      layout_basic, lemuel_doored_altar, chequers_ecumenical_altar_twisty
D:3:      layout_basic, marbit_many_paths, first_ration, roderic_roman_lattice,
          uniq_jessica
D:4:      layout_rooms, lemuel_crystal_altar, nicolae_overflow_hidden_temple
D:5:      layout_gridville, minmay_diced_spiral, uniq_edmund
D:6:      layout_rooms, grunt_temple_overflow_order_and_chaos_1,
          kennysheep_little_box, nicolae_overflow_crystal_walls,
          minmay_temple_entry_slanted, lemuel_flame_loot_1
D:7:      layout_basic, overflow_temple_1_default, old_standard_altar,
          enter_bailey_3, uniq_harold
Bailey:   bailey_polearm_5, bailey

Skill      XL: |  1  2  3  4  5  6  7  8 |
---------------+-------------------------+-----
Long Blades    | 2 3 4 5 |  5.3
Shields        | 3 4 5 |  5.7
Armour         | 3 |  3.1
Stealth        | 1 2 3 4 5 |  5.1
Fighting       | 3 |  3.3
Dodging        | 1 |  1.8

Action                   |  1- 3 |  4- 6 |  7- 9 || total
-------------------------+-------+-------+-------++-------
Melee: Long sword        |    49 |       |       ||    49
       Short sword       |    70 |   152 |   158 ||   380
  Use: Scroll            |       |    12 |     3 ||    15
       Potion            |       |     1 |     4 ||     5
  Eat: Chunk             |       |     7 |     6 ||    13
       Ration            |       |     1 |       ||     1
Armor: Scale mail        |    53 |    44 |    60 ||   157
       Skin              |       |     3 |     3 ||     6
Dodge: Dodged            |    36 |    52 |    62 ||   150
Block: Shield            |    67 |    77 |   110 ||   254
       Rpst.: Long sword |     2 |       |       ||     2

Table legend:
 A = Non-vault XP
 B = Vault XP
 C = Vault XP percentage of total XP
 D = Non-vault monster count
 E = Vault monster count
 F = Vault count percentage of total count
                 A         B        C        D         E       F
            +---------+---------+-------+---------+---------+-------
      Total |    1527 |     363 |  19.2 |      99 |      22 |  18.2
            +---------+---------+-------+---------+---------+-------
        D:1 |      45 |       0 |   0.0 |      21 |       0 |   0.0
        D:2 |     124 |       0 |   0.0 |      34 |       0 |   0.0
        D:3 |      11 |      37 |  77.1 |       5 |       1 |  16.7
        D:4 |     152 |       0 |   0.0 |      10 |       0 |   0.0
        D:5 |     683 |     282 |  29.2 |      15 |       5 |  25.0
        D:6 |     406 |       0 |   0.0 |      11 |       0 |   0.0
        D:7 |     106 |       8 |   7.0 |       3 |       4 |  57.1
     Bailey |       0 |      36 | 100.0 |       0 |      12 | 100.0
            +---------+---------+-------+---------+---------+-------
